 Dungeon Crawl Stone Soup version 0.22-a0-351-g29664b4 (webtiles) character file.

224 4thArraOfDagon the Firebug (level 6, -6/36 HPs)
             Began as an Octopode Fire Elementalist on Apr 13, 2018.
             Was a Follower of Elyvilon.
             Killed by divine providence
             ... invoked by an orc priest
              (11 damage)
             ... on level 3 of the Dungeon.
             The game lasted 00:06:34 (2685 turns).

4thArraOfDagon the Firebug (OpFE)                   Turns: 2685, Time: 00:06:35

Health: -6/36      AC:  1    Str:  5    XL:     6   Next: 0%
Magic:  1/10       EV: 13    Int: 19    God:    Elyvilon [*.....]
Gold:   107        SH:  0    Dex: 12    Spells: 2/10 levels left

rFire    . . .     SeeInvis .   a - +0 mace
rCold    . . .     Gourm    .   (no shield)
rNeg     . . .     Faith    .   (helmet restricted)
rPois    .         Spirit   .   (no amulet)
rElec    .         Reflect  .   l - -3 ring of strength (curse)
rCorr    .         Harm     .   (no ring)
MR       .....                  (no ring)
Stlth    +++.......             (no ring)
HPRegen  0.12/turn              (no ring)
MPRegen  0.12/turn              (no ring)
                                (no ring)
                                (no ring)

@: flying, very slightly contaminated
A: almost no armour, stealthy swim, amphibious, 8 rings, constrict 8, camouflage
1, gelatinous body 1
a: Lesser Healing, Divine Protection, Renounce Religion


You were on level 3 of the Dungeon.
You worshipped Elyvilon.
Elyvilon was aware of your devotion.
You were not hungry.

You visited 1 branch of the dungeon, and saw 4 of its levels.

You collected 107 gold pieces.

Inventory:

Hand Weapons
 a - a +0 mace (weapon)
Jewellery
 l - a cursed -3 ring of strength (left tentacle)
Scrolls
 f - 2 scrolls of identify {unknown}
 g - a scroll of magic mapping {unknown}
 i - 2 scrolls of remove curse {unknown}
 o - a scroll of noise {unknown}
Potions
 c - a potion of flight
 e - 2 potions of might {unknown}
 h - a potion of haste {unknown}
 j - a potion of magic {unknown}
 m - a potion of ambrosia {unknown}
 n - a potion of brilliance {unknown}
Comestibles
 b - 3 rations
 k - a chunk of flesh


   Skills:
 - Level 2.0 Dodging
 - Level 2.6 Stealth
 + Level 2.8 Spellcasting
 * Level 3.3 Conjurations
 * Level 4.5 Fire Magic
 + Level 1.8 Invocations


You had 2 spell levels left.
You knew the following spells:

 Your Spells              Type           Power        Failure   Level  Hunger
a - Flame Tongue          Conj/Fire      ###..        3%          1    None
b - Conjure Flame         Conj/Fire      ###.....     9%          3    ###....
c - Sticky Flame          Conj/Fire      ###.....     30%         4    ####...


Dungeon Overview and Level Annotations

Branches:
Dungeon (4/15)
 Temple: D:4-7

Altars:
Elyvilon
Kikubaaqudgha
The Shining One


Innate Abilities, Weirdness & Mutations

You cannot wear most types of armour.
You are very stealthy in the water. (Stealth+)
You are amphibious.
You can wear up to eight rings at the same time.
You can use your tentacles to constrict eight enemies at once.
Your skin changes colour to match your surroundings (Stealth+).
Your rubbery body absorbs attacks. (AC +1, EV +1)


Message History

Unknown command.
Unknown command.
You feel better.
You constrict the orc priest.
The orc priest begins to cast a cantrip, but forgets the words!
The orc hits you with a whip.
* * * LOW HITPOINT WARNING * * *
Unknown command.
Unknown command.
It was a potion of flight.
You feel very buoyant.
You fly up into the air.
You constrict the orc priest. The orc priest closely misses you.
The orc closely misses you.
Unknown command.
Unknown command.
You hit the orc priest but do no damage.
The orc priest is almost dead.
You constrict the orc priest, but do no damage.
The orc priest invokes the aid of Beogh against you.
Beogh smites you!
You die...

..# # ... .. #.#
### .... #.. ..#
....# #.# #.# # ...
##.# #.#.# #
#.(###.#.###. #
##.(............. #
#o@###..#######.###
#o## ##.###........


.og ##.....###.### ..... #........#.# # #######...........#.# # #...#.......#.#
...###.........### .## #.......#...# #.......#[#.. You could see an orc priest,
a gnoll and 2 orcs.

Vanquished Creatures
  A scorpion (D:2)
  A crimson imp (D:4)
  2 orc priests (D:3)
  An adder (D:4)
  2 oozes
  A worm (D:4)
  3 dart slugs (D:1)
  2 leopard geckos
  6 orcs
  2 giant cockroaches (D:1)
  3 goblins
  4 hobgoblins
  5 kobolds
  2 quokkas
  2 ball pythons
  6 bats
  2 frilled lizards (D:1)
  A goblin skeleton (D:4)
  A hobgoblin zombie (D:4)
  A kobold zombie (D:4)
  6 rats
54 creatures vanquished.

Notes
Turn   | Place    | Note
-------+----------+-------------------------------------------
     0 | D:1      | 4thArraOfDagon the Octopode Fire Elementalist began the quest for the Orb.
     0 | D:1      | Reached XP level 1. HP: 11/11 MP: 3/3
   172 | D:2      | Noticed a bullfrog
   380 | D:2      | Noticed a scorpion
   516 | D:2      | Reached XP level 2. HP: 13/17 MP: 5/5
   642 | D:4      | Found a white marble altar of Elyvilon.
   648 | D:4      | Found an ancient bone altar of Kikubaaqudgha.
   658 | D:4      | Became a worshipper of Elyvilon the Healer
   697 | D:4      | Noticed a scorpion
   759 | D:4      | Reached XP level 3. HP: 15/21 MP: 2/6
   764 | D:4      | Learned a level 3 spell: Conjure Flame
   868 | D:4      | Found a glowing golden altar of the Shining One.
   937 | D:4      | Reached XP level 4. HP: 9/27 MP: 7/7
  1122 | D:1      | Reached * piety under Elyvilon
  1453 | D:1      | Reached skill level 1 in Invocations
  1494 | D:1      | Reached skill level 4 in Fire Magic
  2353 | D:2      | Reached XP level 5. HP: 14/31 MP: 1/9
  2667 | D:3      | Reached XP level 6. HP: 27/36 MP: 3/10
  2674 | D:3      | Learned a level 4 spell: Sticky Flame
  2682 | D:3      | Elyvilon protects you from harm!
  2685 | D:3      | Killed from afar by an orc priest

Vault maps used:
D:1:      onia_arrival_mini_maze
D:2:      lightli_corner_chamber
D:3:      minmay_misc_feat_cross, serial_bayou_crossing
D:4:      marbit_many_paths, amethyst_overflow_temple_binary, first_ration,
          serial_shops, nicolae_shop_stone, nicolae_tso_besieged_by_evil

Skill      XL: |  1  2  3  4 |
---------------+-------------+-----
Conjurations   | 2 3 |  3.3
Invocations    | 1 |  1.8
Fire Magic     | 4 |  4.5
Dodging        | |  2.0
Stealth        | |  2.6
Spellcasting   | |  2.8

Action                   |  1- 3 |  4- 6 || total
-------------------------+-------+-------++-------
Melee: Mace              |    33 |    60 ||    93
       Constrict         |    10 |    15 ||    25
       Tentacles         |     5 |    12 ||    17
 Cast: Flame Tongue      |    16 |    25 ||    41
       Conjure Flame     |       |     1 ||     1
Invok: Lesser Healing    |       |     5 ||     5
  Use: Potion            |     1 |     2 ||     3
 Stab: Sleeping          |     1 |     9 ||    10
  Eat: Chunk             |       |     7 ||     7
Armor: Skin              |     3 |     4 ||     7
Dodge: Dodged            |    24 |    51 ||    75

Table legend:
 A = Spawn XP
 B = Non-spawn XP
 C = Spawn XP percentage of total XP
 D = Spawn monster count
 E = Non-spawn monster count
 F = Spawn count percentage of total count
 G = Total turns spent on level
                    A         B        C        D         E        F      G
               +---------+---------+-------+---------+---------+-------+---------
         Total |       0 |     321 |   0.0 |       0 |      54 |   0.0 |  2685
               +---------+---------+-------+---------+---------+-------+---------
           D:1 |       0 |      45 |   0.0 |       0 |      22 |   0.0 |  1158
           D:2 |       0 |      86 |   0.0 |       0 |      11 |   0.0 |   906
           D:3 |       0 |     104 |   0.0 |       0 |      10 |   0.0 |   233
           D:4 |       0 |      86 |   0.0 |       0 |      11 |   0.0 |   388
               +---------+---------+-------+---------+---------+-------+---------
